 Dungeon Crawl Stone Soup version 0.31-a0-1074-g0b22e4e0f1 (webtiles) character file.

Game seed: 15093466896782667046

5435 monsoonserge the Carver (level 11, -2/95 HPs)
             Began as a Meteoran Monk on Dec 2, 2023.
             Was a Believer of the Shining One.
             Succumbed to a killer bee's poison
             ... on level 9 of the Dungeon.
             The game lasted 00:32:20 (4459 turns).

monsoonserge the Carver (Meteoran Monk)             Turns: 4459, Time: 00:32:20

Health: -2/95      AC: 14    Str: 17    XL:     11   Next: 19%
Magic:  14/15      EV: 15    Int: 11    God:    the Shining One [**....]
Gold:   457        SH:  7    Dex: 22    Spells: 10/10 levels left

rFire   + . .        p - +0 great sword (holy)
rCold   . . .        (shield currently unavailable)
rNeg    + + .        K - +0 swamp dragon scales
rPois   +            G - +0 helmet
rElec   .            L - +0 cloak
rCorr   +            I - +2 pair of gloves
SInv    .            (no boots)
Will    +....        x - amulet of Okawaru's Inspiration {Faith rN+ Str+4}
Stlth   +            e - ring of protection from fire
HPRegen 0.35/turn    M - ring of resist corrosion
MPRegen 0.14/turn

%: faith
@: lethally poisoned (-2 -> -16), divinely shielded, glowing
A: sense surroundings 2, otherworldly, glowing, explore regen
a: Renounce Religion, Divine Shield


You were on level 9 of the Dungeon.
You worshipped the Shining One.
The Shining One was pleased with you.
You visited 1 branch of the dungeon, and saw 9 of its levels.

You collected 457 gold pieces.

Inventory:

Hand Weapons
 a - a +0 falchion
 l - a +3 hand axe of venom
 n - a +0 dagger of venom
 p - a +0 great sword of holy wrath (weapon)
 N - a +2 long sword of freezing
Missiles
 t - 16 poisoned darts (quivered)
 y - 8 boomerangs
Armour
 b - a +0 robe
 d - an orb of light
 m - a +0 leather armour
 q - a +0 chain mail
 s - a +0 pair of gloves
 w - a +0 chain mail of poison resistance
 C - a +2 leather armour of cold resistance
 G - a +0 helmet (worn)
 I - a +2 pair of gloves (worn)
 K - +0 swamp dragon scales (worn)
 L - a +0 cloak (worn)
Jewellery
 e - a ring of protection from fire (left hand)
 x - the amulet of Okawaru's Inspiration (around neck) {Faith rN+ Str+4}
   (You found it on level 3 of the Dungeon)

   [amulet of faith]

   Faith:     It allows you to gain divine favour quickly.
   Str+4:     It affects your strength (+4).
   rN+:       It protects you from negative energy.
 D - a ring of wizardry
 M - a ring of resist corrosion (right hand)
Talismans
 B - a maw talisman
 F - a flux talisman
Wands
 v - a wand of paralysis (11)
 z - a wand of flame (21)
Scrolls
 f - a scroll of summoning {unknown}
 g - 2 scrolls of fog
 h - a scroll of immolation
 i - 8 scrolls of identify
 j - 3 scrolls of revelation
 k - a scroll of acquirement {unknown}
 o - a scroll of silence {unknown}
 r - a scroll of enchant weapon {unknown}
 u - 3 scrolls of amnesia
 J - 2 scrolls of fear {unknown}
 O - a scroll of teleportation
Potions
 A - 3 potions of brilliance
 H - a potion of attraction


   Skills:
 + Level 8.4 Fighting
 + Level 13.4 Long Blades
 + Level 0.5 Throwing
 + Level 5.0 Armour
 + Level 6.8 Dodging
 * Level 4.0 Invocations
 + Level 3.4 Evocations


You had 10 spell levels left.
You didn't know any spells.
Your spell library contained the following spells:

 Spells                   Type           Power      Damage    Failure   Level
 Freeze                   Ice            0%         1d3       52%         1
 Summon Small Mammal      Summ           0%         N/A       52%         1
 Cigotuvi's Dreadful Rot  Necr/Pois/Air  0%         N/A       67%         2
 Call Canine Familiar     Summ           0%         N/A       88%         3
 Dazzling Flash           Conj/Hex       0%         N/A       88%         3
 Frozen Ramparts          Ice            0%         1d1       88%         3
 Hailstorm                Conj/Ice       0%         3d3       88%         3
 Inner Flame              Hex/Fire       0%         N/A       88%         3
 Summon Guardian Golem    Hex/Summ       0%         N/A       88%         3
 Volatile Blastmotes      Fire/Tloc      0%         2d10      88%         3
 Dispel Undead            Necr           0%         3d6       99%         4
 Flame Wave               Conj/Fire      0%         2d4       99%         4
 Olgreb's Toxic Radiance  Pois           0%         N/A       99%         4
 Sticky Flame             Conj/Fire      0%         2d3       99%         4
 Death Channel            Necr           0%         N/A       100%        6
 Starburst                Conj/Fire      0%         6d3       100%        6
 Discord                  Hex            0%         N/A       100%        8
 Ignition                 Fire           0%         3d3       100%        8
 Maxwell's Capacitive Co  Air            0%         ∞         100%        8


Dungeon Overview and Level Annotations

Branches:
Dungeon (9/15) Zot: 935
 Temple: D:4-7         Lair: D:8-11         Orc: D:9-12

Altars:
Yredelemnul
The Shining One


Innate Abilities, Weirdness & Mutations

You passively map the area around you.
You are easily found by Zot.
You glow in the dark.
You regain HP and MP as you explore.


Message History

The killer bee misses you. The killer bee stings you.
* * * LOW HITPOINT WARNING * * *
You are more poisoned.
The killer bee poisons you!
Things that are here:
a killer bee corpse; a boulder beetle corpse
Aiming: Bolt of Light
Press: ? - help, Shift-Dir - straight line, f - killer bee, p - killer bee
Aim: a killer bee (haloed, 63% to hit)
The bolt of light hits the killer bee!
You kill the killer bee!
The bolt of light hits the killer bee!
You kill the killer bee!
The bolt of light misses the killer bee.
The now-empty wand crumbles to dust.
* * * LOW HITPOINT WARNING * * *
You feel very sick. You block the killer bee's attack.
The killer bee barely misses you. The killer bee misses you.
Your Invocations skill increases to level 4!
You are illuminated by a small divine halo.
You are lethally poisoned (5 -> -12).
You are shielded by the power of the Shining One.
You are glowing.
Your movement speed is average.
Your attack delay is about 1.0.
Your damage rating with your +0 great sword of holy wrath is about 31 (Base 17 x 130% (Dex) x 143% (Skill)).
Your base attributes are Str 13, Int 11, Dex 22.
Okay, then.
Okay, then.
Unknown command.
You slice the killer bee!!
You kill the killer bee!
* * * LOW HITPOINT WARNING * * *
You feel very sick. The killer bee barely misses you.
You block the killer bee's attack. The killer bee closely misses you. x3
Unknown command.
You slice the killer bee!!
You kill the killer bee!
You die...

, , ,, . #.,,,..###.# ,
, # ,, ,##.##.## ..#...
,. , ...#..°.##...#, * #
.......#○.....# ,## ,, ,
.......##.#...# * ###.
,* ,$..
#...#.....#,,*####...
...* #.......####.#.....
** ##..
#........>..##..... *,,
#....##@#...............
,
#....y†##.....#........
*
####..##.....###.#.....
#####......####.....
###...## ##.... #..##
###.. ##.# ##. ### ##


You could see a killer bee (blind).

Vanquished Creatures
  A two-headed ogre (D:8)
  A boulder beetle (D:9)
  Pikel (D:7)
  Maggie (D:7)
  A shadow (D:8)
  Eustachio (D:5)
  A wyvern (D:9)
  Menkaure (D:7)
  A steam dragon (D:7)
  2 water moccasins (D:6)
  An orc warrior (D:8)
  A sky beast (D:6)
  A black bear (D:6)
  3 phantoms
  A lemure (D:7)
  A bullfrog (D:7)
  2 kobold brigands
  5 scorpions
  4 wights (D:8)
  11 killer bees
  2 howler monkeys
  4 jellies
  4 hounds
  Crazy Yiuf (D:7)
  5 orc priests
  Ijyb (D:5)
  2 iguanas (D:5)
  7 orc wizards
  2 sleepcaps
  Terence (D:2)
  4 gnolls
  8 adders
  A shadow imp (D:7)
  A white imp (D:5)
  2 ufetubi (D:6)
  A worm (D:5)
  30 orcs
  8 bats
  6 endoplasms
  6 giant cockroaches
  10 goblins
  4 hobgoblins
  4 quokkas
  5 ball pythons
  3 frilled lizards
  14 kobolds
  23 rats
200 creatures vanquished.

Vanquished Creatures (others)
  A jelly (D:7)
  2 orcs (D:7)
3 creatures vanquished.

Grand Total: 203 creatures vanquished

Notes
Turn   | Place    | Note
-------+----------+-------------------------------------------
     0 | D:1      | monsoonserge the Meteoran Monk began the quest for the Orb.
     0 | D:1      | Reached XP level 1. HP: 19/19 MP: 2/2
   166 | D:1      | Reached XP level 2. HP: 26/26 MP: 3/3
   249 | D:1      | Reached skill level 4 in Long Blades
   361 | D:1      | Reached XP level 3. HP: 31/31 MP: 4/4
   514 | D:2      | Noticed Terence
   530 | D:2      | Killed Terence
   531 | D:2      | Reached XP level 4. HP: 27/40 MP: 5/5
   655 | D:2      | Reached skill level 1 in Armour
   921 | D:2      | Reached XP level 5. HP: 46/46 MP: 6/6
   998 | D:3      | Reached skill level 5 in Long Blades
  1010 | D:3      | Found a basalt altar of Yredelemnul.
  1121 | D:3      | Found a faded altar of an unknown god.
  1151 | D:3      | Identified the amulet of Okawaru's Inspiration {Faith rN+
                  | Str+4}
  1223 | D:3      | Reached XP level 6. HP: 53/53 MP: 7/7
  1822 | D:4      | Reached skill level 6 in Long Blades
  2046 | D:5      | Entered Level 5 of the Dungeon
  2053 | D:5      | Reached XP level 7. HP: 57/60 MP: 8/8
  2116 | D:5      | Reached skill level 5 in Fighting
  2116 | D:5      | Reached skill level 7 in Long Blades
  2160 | D:5      | Reached XP level 8. HP: 56/68 MP: 9/9
  2224 | D:5      | Noticed Eustachio
  2261 | D:5      | Killed Eustachio
  2262 | D:5      | Reached skill level 8 in Long Blades
  2549 | D:5      | Noticed Ijyb
  2555 | D:5      | Killed Ijyb
  2637 | D:6      | Reached skill level 9 in Long Blades
  2649 | D:6      | Gained mutation: You passively map the area around you.
                  | [Meteoran growth]
  2649 | D:6      | Reached XP level 9. HP: 19/75 MP: 10/10
  2776 | D:6      | Found a glowing golden altar of the Shining One.
  2803 | D:6      | Reached skill level 5 in Dodging
  2948 | D:6      | Reached skill level 10 in Long Blades
  3276 | D:7      | Noticed Menkaure
  3281 | D:7      | Noticed Maggie
  3323 | D:7      | Noticed Pikel
  3332 | D:7      | Killed Pikel
  3333 | D:7      | Reached skill level 11 in Long Blades
  3429 | D:8      | Reached XP level 10. HP: 41/86 MP: 11/11
  3465 | D:8      | Noticed a two-headed ogre
  3476 | D:8      | Killed a two-headed ogre
  3683 | D:7      | Reached skill level 12 in Long Blades
  3935 | D:6      | Became a worshipper of the Shining One
  3935 | D:6      | Reached * piety under the Shining One
  3935 | D:6      | Reached ** piety under the Shining One
  4071 | D:7      | Killed Maggie
  4072 | D:7      | Reached skill level 1 in Invocations
  4078 | D:7      | Killed Menkaure
  4096 | D:7      | Found a runed translucent door.
  4097 | D:7      | Noticed Crazy Yiuf
  4104 | D:7      | Killed Crazy Yiuf
  4349 | D:8      | Reached skill level 13 in Long Blades
  4394 | D:9      | Reached XP level 11. HP: 94/94 MP: 13/13
  4426 | D:9      | Noticed a boulder beetle
  4445 | D:9      | Killed a boulder beetle
  4446 | D:9      | Reached skill level 5 in Armour
  4458 | D:9      | HP: 1/95 [poisoned by a killer bee]
  4459 | D:9      | Succumbed to a killer bee's poison

Illustrated notes

Levels and vault maps discovered:
D:1:      mrwooster_arrival_statue_2, layout_basic
D:2:      layout_basic, uniq_terence
D:3:      layout_basic, mainiacjoe_overflow_24_doors, basic_ecumenical_altar,
          supply_closet_lemuel, minmay_rat_hole
D:4:      layout_loops_ring, temple_doors_cd, minivault_19,
          minmay_misc_feat_hallway, minmay_liquid_box, uniq_grinder
D:5:      layout_cave_pods, uniq_ijyb, uniq_eustachio
D:6:      layout_loops_corners, tso_oasis_becter
D:7:      layout_basic, uniq_maggie, uniq_pikel, uniq_crazy_yiuf_cottage,
          uniq_menkaure
D:8:      layout_basic
D:9:      minmay_spotlight, layout_cave_pools

Skill      XL: |  1  2  3  4  5  6  7  8  9 10 11 |
---------------+----------------------------------+-----
Long Blades    | 4 5 6 7 9 11 13 | 13.4
Fighting       | 4 5 6 7 8 |  8.4
Armour         | 1 2 3 4 5 |  5.0
Dodging        | 4 5 6 |  6.8
Evocations     | 3 |  3.4
Invocations    | 2 4 |  4.0
Throwing       | |  0.5

Action                     |  1- 3 |  4- 6 |  7- 9 | 10-12 || total
---------------------------+-------+-------+-------+-------++-------
  Melee: Falchion          |    53 |   187 |    74 |       ||   314
         Hand axe          |     5 |       |       |       ||     5
         Great sword       |       |       |   106 |   127 ||   233
         Long sword        |       |       |       |     8 ||     8
  Throw: Dart              |       |       |     3 |       ||     3
 Invoke: Divine Shield     |       |       |       |     2 ||     2
  Evoke: Wand              |       |       |     3 |     3 ||     6
    Use: Potion            |       |       |     6 |     1 ||     7
         Scroll            |       |       |     6 |       ||     6
   Stab: Invisible         |       |       |       |     2 ||     2
 Armour: Robe              |    16 |       |       |       ||    16
         Leather armour    |    13 |    23 |   148 |    71 ||   255
         Chain mail        |       |   116 |       |       ||   116
         Swamp dragon scal |       |       |       |    46 ||    46
  Dodge: Dodged            |    41 |    81 |   164 |   161 ||   447
  Block: Other             |       |       |       |     8 ||     8

Table legend: (Time is in decaauts)
 A = Elapsed time spent in this place.
 B = Non-inter-level travel time spent in this place.
 C = Inter-level travel time spent in this place.
 D = Time resting spent in this place.
 E = Time spent auto-exploring this place.
 F = Levels seen in this place.
 G = Mean time per level.
                   A        B        C        D        E       F      G
               +--------+--------+--------+--------+--------+-----+--------+
         Total |   4464 |   4298 |    166 |      0 |      0 |   9 |  496.0 |
       Dungeon |   4464 |   4298 |    166 |      0 |      0 |   9 |  496.0 |
               +--------+--------+--------+--------+--------+-----+--------+

Top non-repeatable levels by time:
     D:6: 756 daAuts
     D:4: 575 daAuts
     D:5: 563 daAuts
     D:3: 544 daAuts
     D:8: 527 daAuts
     D:2: 516 daAuts
     D:1: 456 daAuts
     D:7: 435 daAuts
     D:9: 86 daAuts
